 Dungeon Crawl Stone Soup version 0.29-a0-72-g1732ff48e7 (webtiles) character file.

Game seed: 13516819630657832280

192 drugrobin the Poker (level 5, 0/30 (41) HPs)
             Began as a Demigod Warper on Feb 4, 2022.
             Slain by a wight (5 damage)
             ... on level 3 of the Dungeon.
             The game lasted 00:11:22 (5291 turns).

drugrobin the Poker (Demigod Warper)                Turns: 5291, Time: 00:11:23

HP:   0/30 (41)     AC:  4    Str: 16    XL:     5   Next: 19%
MP:   0/10          EV: 11    Int: 15    God:
Gold: 101           SH:  0    Dex: 13    Spells: 4/7 levels left

rFire   . . .      SeeInvis .   a - +0 spear
rCold   . . .      Faith    .   (no shield)
rNeg    . . .      Spirit   +   g - +0 leather armour
rPois   .          Reflect  .   q - +0 helmet
rElec   .          Harm     .   (no cloak)
rCorr   .          Rampage  .   (no gloves)
Will    .....                   (no boots)
Stlth   +.........              s - amulet of guardian spirit
HPRegen 0.10/turn               (no ring)
MPRegen 0.12/turn               (no ring)

@: very heavily drained
A: high MP 1, forlorn, divine attributes
a: no special abilities


You were on level 3 of the Dungeon.
You visited 1 branch of the dungeon, and saw 4 of its levels.

You collected 101 gold pieces.

Inventory:

Hand Weapons
 a - a +0 spear (weapon)
 b - a +0 hunting sling
 v - a +1 dagger of venom
Missiles
 d - 5 boomerangs of dispersal
 f - 4 boomerangs (quivered)
 i - 9 sling bullets
Armour
 g - a +0 leather armour (worn)
 p - a +0 chain mail
 q - a +0 helmet (worn)
 t - a +0 scale mail
Jewellery
 s - an amulet of guardian spirit (around neck)
Scrolls
 c - a scroll of blinking
 e - 2 scrolls of teleportation
 l - a scroll of summoning {unknown}
 m - a scroll of enchant armour {unknown}
 n - 3 scrolls of fear {unknown}
 o - a scroll of identify {unknown}
Potions
 h - 2 potions of curing {unknown}
 j - 2 potions of brilliance {unknown}
 k - a potion of degeneration {unknown}
 r - a potion of flight {unknown}
 u - a potion of berserk rage {unknown}
 w - a potion of mutation {unknown}


   Skills:
 + Level 1.9 Fighting
 + Level 5.2 Polearms
 - Level 0.8 Throwing
 - Level 0.8 Armour
 - Level 1.7 Dodging
 - Level 1.7 Spellcasting
 - Level 2.6 Translocations


You had 4 spell levels left.
You knew the following spells:

 Your Spells              Type           Power      Damage    Failure   Level
a - Summon Small Mammal   Summ           4%         N/A       28%         1
b - Blink                 Tloc           18%        N/A       14%         2

Your spell library contained the following spells:

 Spells                   Type           Power      Damage    Failure   Level
 Apportation              Tloc           18%        N/A       10%         1
 Animate Skeleton         Necr           2%         N/A       28%         1
 Gell's Gravitas          Tloc           9%         N/A       28%         3
 Lesser Beckoning         Tloc           9%         N/A       28%         3
 Teleport Other           Tloc           9%         N/A       28%         3
 Manifold Assault         Tloc           9%         N/A       95%         5


Dungeon Overview and Level Annotations

Branches:
Dungeon (4/15)
 Temple: D:4-7

Shops:
D:1 (

Annotations:
D:3 exclusion: downstairs
D:4 Grinder


Innate Abilities, Weirdness & Mutations

You have an increased reservoir of magic. (+10% MP)
You shall have no god before yourself.
Your divine heritage dramatically boosts your attributes as you level up.


Message History

The wight hits you with a +0 short sword.
You feel drained.
You hit the wight but do no damage.
The wight is severely damaged.
You hit the wight but do no damage.
The wight is severely damaged.
The wight hits you with a +0 short sword.
You barely miss the wight. You punch the wight, but do no damage.
The wight is severely damaged.
The wight closely misses you.
You closely miss the wight.
The wight is severely damaged.
The wight hits you with a +0 short sword.
You feel drained.
You hit the wight but do no damage.
The wight is severely damaged.
The wight hits you with a +0 short sword.
You closely miss the wight.
The wight is severely damaged.
You hit the wight but do no damage.
The wight is severely damaged.
The wight hits you with a +0 short sword.
* * * LOW HITPOINT WARNING * * *
You feel drained.
* * * LOW HITPOINT WARNING * * *
You hit the wight.
The wight is almost destroyed.
The wight hits you with a +0 short sword.
* * * LOW HITPOINT WARNING * * *
You completely miss the wight.
The wight is almost destroyed.
The wight barely misses you.
You closely miss the wight.
The wight is almost destroyed.
The wight hits you with a +0 short sword.
* * * LOW HITPOINT WARNING * * *
You barely miss the wight.
The wight is almost destroyed.
The wight hits you with a +0 short sword!
You die...

#.....#..........#
##.)..#..........#
#....#..........#
##..#.........####
####.....#.......#
.........#.......#
#####.#..........#
....(.#...##....#####
#...#.#........z@...#
#._.#.#.#.##.####...#
#...#.#...##.########
......#........#
#####.#.)......#
...............#
#..............#
...............#
###.##.........#


You could see a wight.

Vanquished Creatures
  Jessica (D:2)
  Terence (D:2)
  Ijyb (D:3)
  Robin (D:2)
  4 adders
  An ufetubus (D:4)
  A worm (D:2)
  2 dart slugs (D:2)
  An orc (D:2)
  7 ball pythons
  5 bats
  8 endoplasms
  A giant cockroach (D:1)
  9 goblins
  4 hobgoblins
  A quokka (D:3)
  7 frilled lizards
  3 kobolds
  3 rats
61 creatures vanquished.

Vanquished Creatures (others)
  A plant (D:2)
1 creature vanquished.

Grand Total: 62 creatures vanquished

Notes
Turn   | Place    | Note
-------+----------+-------------------------------------------
     0 | D:1      | drugrobin the Demigod Warper began the quest for the Orb.
     0 | D:1      | Reached XP level 1. HP: 17/17 MP: 5/5
   195 | D:1      | Reached skill level 2 in Polearms
   203 | D:1      | Found Zacigh's Antique Weapon Emporium.
   463 | D:1      | Reached XP level 2. HP: 7/24 MP: 7/7
  1260 | D:2      | Noticed Jessica
  1404 | D:2      | Reached skill level 3 in Polearms
  1583 | D:2      | Noticed Robin
  2030 | D:2      | Killed Jessica
  2031 | D:2      | Reached XP level 3. HP: 29/29 MP: 8/8
  2309 | D:2      | Killed Robin
  2310 | D:2      | Reached skill level 4 in Polearms
  2322 | D:2      | Reached XP level 4. HP: 11/36 MP: 9/9
  3001 | D:2      | Noticed Terence
  3020 | D:2      | Killed Terence
  3232 | D:2      | Learned a level 2 spell: Blink
  3329 | D:3      | Noticed Ijyb
  3373 | D:3      | Noticed Grinder
  3400 | D:3      | Paralysed by Ijyb for 5 turns
  4266 | D:4      | Paralysed by Grinder for 6 turns
  4448 | D:3      | Learned a level 1 spell: Summon Small Mammal
  4753 | D:3      | Paralysed by Ijyb for 4 turns
  4765 | D:3      | Killed Ijyb
  4766 | D:3      | Reached skill level 5 in Polearms
  4766 | D:3      | Reached XP level 5. HP: 15/31 MP: 5/10
  5291 | D:3      | Slain by a wight

Illustrated notes

Levels and vault maps discovered:
D:1:      dpeg_arrival_castle, layout_loops_ring, serial_shops, shop,
          minmay_cupped
D:2:      layout_loops_ring, corexii_shack, st_stairs_6, uniq_terence,
          uniq_jessica, uniq_robin
D:3:      layout_rooms, mainiacjoe_overflow_cross_hatched, uniq_ijyb,
          uniq_grinder
D:4:      layout_cave_pods, lemuel_doored_altar, eat_drink_and_be_merry_uskayaw,
          kennysheep_doodads, uniq_crazy_yiuf_cottage

Skill      XL: |  1  2  3  4 |
---------------+-------------+-----
Polearms       | 2 3 4 5 |  5.2
Fighting       | |  1.9
Throwing       | |  0.8
Armour         | |  0.8
Dodging        | |  1.7
Spellcasting   | |  1.7
Translocations | |  2.6

Action                   |  1- 3 |  4- 6 || total
-------------------------+-------+-------++-------
Melee: Spear             |   157 |    96 ||   253
       Punch             |     2 |     1 ||     3
       Dagger            |       |    22 ||    22
 Fire: Hunting sling     |     8 |     3 ||    11
Throw: Boomerang         |    13 |     2 ||    15
 Cast: Blink             |       |     2 ||     2
       Summon Small Mamm |       |     1 ||     1
  Use: Scroll            |       |     2 ||     2
 Stab: Sleeping          |     2 |       ||     2
Armor: Leather armour    |    23 |     4 ||    27
       Chain mail        |    27 |    16 ||    43
       Scale mail        |       |    10 ||    10
Dodge: Dodged            |    46 |    43 ||    89

Table legend: (Time is in decaauts)
 A = Elapsed time spent in this place.
 B = Non-inter-level travel time spent in this place.
 C = Inter-level travel time spent in this place.
 D = Time resting spent in this place.
 E = Time spent auto-exploring this place.
 F = Levels seen in this place.
 G = Mean time per level.
                   A        B        C        D        E       F      G
               +--------+--------+--------+--------+--------+-----+--------+
         Total |   5293 |   4879 |    414 |   1738 |   1941 |   4 | 1323.2 |
       Dungeon |   5293 |   4879 |    414 |   1738 |   1941 |   4 | 1323.2 |
               +--------+--------+--------+--------+--------+-----+--------+

Top non-repeatable levels by time:
     D:2: 2237 daAuts
     D:1: 1969 daAuts
     D:3: 751 daAuts
     D:4: 334 daAuts
